 Dungeon Crawl Stone Soup version 0.28-a0-823-gb444dcf96d (webtiles) character file.

Game seed: 10911815767109352078

2481 lawman0 the Magician (level 9, -5/70 HPs)
             Began as a Black Draconian Hedge Wizard on Nov 9, 2021.
             Slain by a gnoll (8 damage)
             ... on level 7 of the Dungeon.
             The game lasted 00:11:15 (9685 turns).

lawman0 the Magician (Black Draconian Hedge Wizard) Turns: 9685, Time: 00:11:16

Health: -5/70      AC: 10    Str: 13    XL:     9   Next: 27%
Magic:  16/18      EV: 13    Int: 17    God:
Gold:   301        SH:  0    Dex: 11    Spells: 11/20 levels left

rFire   . . .      SeeInvis .   a - +3 scimitar (vorpal)
rCold   . . .      Faith    .   (no shield)
rNeg    . . .      Spirit   .   (armour unavailable)
rPois   .          Reflect  .   b - +0 hat
rElec   +          Harm     .   h - +0 cloak
rCorr   .          Rampage  .   v - +1 pair of gloves
Will    .....                   (no boots)
Stlth   +.........              (no amulet)
HPRegen 0.21/turn               (no ring)
MPRegen 0.16/turn               (no ring)

@: lethally poisoned (-5 -> -11), lit by a corona, short of breath, slowed,
glowing, very slow
A: breathe lightning, AC +7, unfitting armour, electricity resistance,
cold-blooded
a: Breathe Lightning


You were on level 7 of the Dungeon.
You visited 2 branches of the dungeon, and saw 8 of its levels.

You collected 301 gold pieces.

Inventory:

Hand Weapons
 a - a +3 vorpal scimitar (weapon)
Missiles
 f - 2 curare-tipped darts
Armour
 b - a +0 hat (worn)
 h - a +0 cloak (worn)
 q - a scarf of invisibility
 v - a +1 pair of gloves (worn)
Wands
 n - a wand of paralysis (13)
 u - a wand of charming (5)
Scrolls
 d - 2 scrolls of silence
 i - 2 scrolls of enchant armour
 j - 3 scrolls of teleportation
 l - a scroll of amnesia
 s - a scroll of enchant weapon
Potions
 c - a potion of cancellation {unknown}
 e - a potion of mutation {unknown}
 g - a potion of curing {unknown}
 k - a potion of might {unknown}
 m - 2 potions of flight {unknown}
 o - 3 potions of haste
 p - 4 potions of attraction {unknown}
 t - a potion of heal wounds
 w - a potion of degeneration {unknown}


   Skills:
 + Level 3.2 Fighting
 + Level 4.2 Dodging
 + Level 3.8 Stealth
 + Level 6.0 Spellcasting
 * Level 5.9 Conjurations
 + Level 0.2 Hexes
 + Level 1.6 Summonings
 + Level 1.3 Translocations
 * Level 5.2 Air Magic
 * Level 4.6 Poison Magic


You had 11 spell levels left.
You knew the following spells:

 Your Spells              Type           Power      Damage    Failure   Level
a - Magic Dart            Conj           100%       1d8       1%          1
b - Slow                  Hex            20%        N/A       12%         1
c - Blink                 Tloc           18%        N/A       12%         2
d - Call Imp              Summ           10%        N/A       10%         2
e - Mephitic Cloud        Conj/Pois/Air  23%        N/A       4%          3

Your spell library contained the following spells:

 Spells                   Type           Power      Damage    Failure   Level
 Dazzling Flash           Conj/Hex       30%        N/A       11%         3
 Conjure Flame            Conj/Fire      15%        6-21      12%         3
 Silence                  Hex/Air        7%         N/A       75%         5
 Animate Dead             Necr           2%         N/A       77%         4
 Agony                    Necr           5%         N/A       98%         5
 Haunt                    Necr/Summ      3%         N/A       100%        7
 Infestation              Necr           2%         N/A       100%        8


Dungeon Overview and Level Annotations

Branches:
Dungeon (7/15)             Temple (1/1) D:6

Altars:
Ashenzari
Cheibriados
Dithmenos
Elyvilon
Fedhas
Gozag
Hepliaklqana
Makhleb
Nemelex Xobeh
Okawaru
Qazlal
Ru
Sif Muna
Trog
Uskayaw
Wu Jian
Xom
Yredelemnul
Zin
The Shining One

Shops:
D:6 !

Annotations:
D:2 Sigmund


Innate Abilities, Weirdness & Mutations

You can breathe wild blasts of lightning.
Your glossy black scales are hard. (AC +7)
You cannot fit into any form of body armour.
You are resistant to electric shocks. (rElec)
You are cold-blooded and may be slowed by cold attacks.


Message History

You slash the kobold brigand!
Your tail-slap misses the kobold brigand.
The kobold brigand is heavily wounded.
You feel extremely sick.
A wyvern skeleton comes into view.
The kobold brigand closely misses you. The kobold brigand misses you.
You are too injured to fight recklessly!
You closely miss the kobold brigand.
The kobold brigand is heavily wounded.
You feel very sick.
A water moccasin skeleton comes into view.
The kobold brigand misses you. The kobold brigand closely misses you.
You are too injured to fight recklessly!
As you read the scroll of teleportation, it crumbles to dust.
You feel strangely unstable.
You feel sick.
The kobold brigand hits you but does no damage.
You are more poisoned.
The wyvern skeleton closely misses you.
Unknown command.
You feel very sick.
The kobold brigand hits you with a +0 short sword of venom.
* * * LOW HITPOINT WARNING * * *
You are more poisoned.
The wyvern skeleton misses you. The kobold brigand closely misses you.
You barely miss the kobold brigand.
The kobold brigand is heavily wounded.
Your surroundings suddenly seem different.
A yak comes into view.
* * * LOW HITPOINT WARNING * * *
You feel very sick.
The yak bellows!
You hear a shout! 2 gnolls come into view.
* * * LOW HITPOINT WARNING * * *
You feel very sick.
The gnoll shouts! x2; You hear a shout! x2
The gnoll hits you from afar with a +0 spear.
* * * LOW HITPOINT WARNING * * *
A gnoll comes into view. It is wielding a +0 spear.
The gnoll hits you from afar with a +0 spear!
You die...

. ..# #####....
## #........ .#
#@......# ..
...g.g.........
..
......#Y.......
##
##....#..##...#
. #### #..#
...# . #... ...
#..# .. #..#


You could see a yak and 2 gnolls.

Vanquished Creatures
  A shadow (D:6)
  Eustachio (D:6)
  A steam dragon (D:5)
  A water moccasin (D:6)
  A sky beast (D:6)
  A necrophage (D:5)
  A black bear (D:5)
  4 ogres
  A centaur (D:7)
  A phantom (D:6)
  2 kobold brigands (D:6)
  A bullfrog (D:7)
  3 scorpions
  A howler monkey (D:5)
  2 centaur zombies
  3 hounds (D:5)
  2 centaur skeletons (D:5)
  An orc priest (D:6)
  A bullfrog skeleton (D:6)
  An iguana (D:6)
  A gnoll shaman (D:7)
  6 orc wizards
  A scorpion zombie (D:5)
  A hound skeleton (D:4)
  4 gnolls (D:4)
  3 adders
  A howler monkey skeleton (D:7)
  A white imp (D:5)
  3 ufetubi (D:4)
  An adder skeleton (D:4)
  A worm (D:3)
  2 dart slugs
  9 orcs
  5 ball pythons
  2 bats
  5 endoplasms
  A giant cockroach (D:3)
  A goblin (D:1)
  3 hobgoblins
  6 jackals
  5 quokkas
  4 frilled lizards
  8 kobolds
  8 rats
112 creatures vanquished.

Vanquished Creatures (collateral kills)
  A necrophage (D:4)
  3 orcs (D:4)
4 creatures vanquished.

Vanquished Creatures (others)
  A centaur zombie (D:6)
  4 toadstools (D:2)
5 creatures vanquished.

Grand Total: 121 creatures vanquished

Notes
Turn   | Place    | Note
-------+----------+-------------------------------------------
     0 | D:1      | lawman0 the Draconian Hedge Wizard began the quest for the
                  | Orb.
     0 | D:1      | Reached XP level 1. HP: 14/14 MP: 4/4
   320 | D:1      | Reached XP level 2. HP: 20/20 MP: 3/6
  1255 | D:2      | Reached XP level 3. HP: 12/26 MP: 2/8
  1585 | D:2      | Noticed Sigmund
  1770 | D:3      | Learned a level 1 spell: Slow
  1773 | D:3      | Learned a level 2 spell: Blink
  1776 | D:3      | Learned a level 2 spell: Call Imp
  1780 | D:3      | Learned a level 3 spell: Mephitic Cloud
  1834 | D:3      | Found a faded altar of an unknown god.
  2937 | D:4      | Reached XP level 4. HP: 32/33 MP: 1/9
  2987 | D:4      | Reached skill level 4 in Spellcasting
  2996 | D:4      | Reached skill level 1 in Fighting
  3326 | D:4      | Reached skill level 1 in Air Magic
  3326 | D:4      | Reached XP level 5. HP: 39/40 MP: 5/11
  3493 | D:4      | Reached skill level 1 in Poison Magic
  4355 | D:4      | You fall into a shaft and drop 1 floor!
  4355 | D:5      | Entered Level 5 of the Dungeon
  4355 | D:5      | Noticed a necrophage
  4711 | D:4      | Killed a necrophage
  4712 | D:4      | Reached XP level 6. HP: 42/47 MP: 1/12
  5981 | D:5      | Your scales start taking on a glossy black colour.
  5981 | D:5      | Reached XP level 7. HP: 49/53 MP: 8/13
  5981 | D:5      | Gained mutation: You are resistant to electric shocks.
                  | (rElec) [Black Draconian growth]
  5981 | D:5      | sick
  6635 | D:5      | Noticed a steam dragon
  6647 | D:5      | Killed a steam dragon
  6648 | D:5      | Reached XP level 8. HP: 52/61 MP: 9/15
  6658 | D:5      | Reached skill level 5 in Spellcasting
  6798 | D:5      | Found a shimmering altar of Xom.
  6798 | D:5      | Found a bloodstained altar of Trog.
  7401 | D:6      | Noticed Eustachio
  7413 | D:6      | Killed Eustachio
  7414 | D:6      | Reached skill level 5 in Conjurations
  7459 | D:6      | Found Vatiome's Distillery.
  8036 | D:6      | Reached skill level 5 in Air Magic
  8036 | D:6      | Reached XP level 9. HP: 69/69 MP: 17/17
  8039 | D:6      | Found a faded altar of an unknown god.
  8040 | D:6      | Found a hazy altar of Hepliaklqana.
  8324 | D:6      | Found a staircase to the Ecumenical Temple.
  8477 | Temple   | Entered the Ecumenical Temple
  9018 | D:6      | Found a shimmering blue altar of Sif Muna.
  9020 | D:6      | Found an ornate altar of the Wu Jian Council.
  9679 | D:7      | Reached skill level 6 in Spellcasting
  9685 | D:7      | HP: 3/70 [gnoll (6)]
  9685 | D:7      | Slain by a gnoll

Illustrated notes

..#..#..#. ..#..#..
#...... .(... ...#
##########
##..####....†...#
#...##......#...#
#...##....)##...#
##..@#......##...+
##.........####...#
#.....####### #...#
#...#.###.".###...#
#.....##.....##...# #
##..##.#.......#...####
#...#..#......)'...##..
#..#..##[......#...##..
#########.....##...#...


Turn 5981 on D:5: sick

Levels and vault maps discovered:
D:1:      minmay_arrival_nine_rooms, layout_rooms,
          corexii_item_surrounded_by_moat
D:2:      layout_rooms, serial_shops, nicolae_shop_behind_doors,
          minmay_statues_item, minmay_gold_behind_fungi, minivault_23,
          minivault_19, uniq_sigmund
D:3:      layout_loops_ring, shapermc_ecumenical_altar_ellora,
          saegor_snake_ambush
D:4:      layout_basic
D:5:      minmay_opposing_rooms, layout_rooms, gammafunk_temple_overflow_pools,
          glass_columns_a, minmay_misc_feat_diagonals, lemuel_another_geyser
D:6:      layout_loops_ring, beargit_hepliaklqana_dungeon_heroes,
          chequers_temple_overflow_statue_of_worship, lemuel_temple_firewalk_b,
          minivault_25, nicolae_take_the_stairs, minmay_misc_feat_tower,
          uniq_eustachio
D:7:      minmay_recursive_quarters, layout_gridville, uniq_crazy_yiuf_cottage
Temple:   regret_index_temple_generic_petals

Skill      XL: |  1  2  3  4  5  6  7  8  9 |
---------------+----------------------------+-----
Stealth        | 2 3 |  3.8
Dodging        | 2 3 4 |  4.2
Conjurations   | 2 3 4 5 |  5.9
Spellcasting   | 4 5 6 |  6.0
Fighting       | 1 2 3 |  3.2
Air Magic      | 1 2 3 4 5 |  5.2
Poison Magic   | 1 2 3 4 |  4.6
Hexes          | |  0.2
Summonings     | |  1.6
Translocations | |  1.3

Action                   |  1- 3 |  4- 6 |  7- 9 || total
-------------------------+-------+-------+-------++-------
Melee: Dagger            |     3 |       |       ||     3
       Long sword        |    35 |   129 |    23 ||   187
       Tailslap          |     1 |    12 |     9 ||    22
       Scimitar          |       |       |    69 ||    69
 Cast: Magic Dart        |    98 |    99 |    50 ||   247
       Call Imp          |     1 |     8 |       ||     9
       Blink             |       |     2 |     1 ||     3
       Mephitic Cloud    |       |       |    11 ||    11
       Slow              |       |       |     3 ||     3
 Abil: Breathe Lightning |       |       |    22 ||    22
Evoke: Wand              |       |       |     2 ||     2
  Use: Scroll            |     2 |     3 |     4 ||     9
       Potion            |     1 |     3 |       ||     4
 Stab: Confused          |       |       |     1 ||     1
       Paralysed         |       |       |     3 ||     3
Armor: Skin              |    14 |    74 |    55 ||   143
Dodge: Dodged            |    45 |    93 |   100 ||   238

Table legend: (Time is in decaauts)
 A = Elapsed time spent in this place.
 B = Non-inter-level travel time spent in this place.
 C = Inter-level travel time spent in this place.
 D = Time resting spent in this place.
 E = Time spent auto-exploring this place.
 F = Levels seen in this place.
 G = Mean time per level.
                   A        B        C        D        E       F      G
               +--------+--------+--------+--------+--------+-----+--------+
         Total |   9791 |   9288 |    503 |   1580 |   6373 |   8 | 1223.9 |
       Dungeon |   9605 |   9115 |    490 |   1580 |   6210 |   7 | 1372.1 |
        Temple |    185 |    172 |     13 |      0 |    163 |   1 |  185.0 |
               +--------+--------+--------+--------+--------+-----+--------+

Top non-repeatable levels by time:
     D:4: 2314 daAuts
     D:5: 2148 daAuts
     D:6: 1986 daAuts
     D:3: 1322 daAuts
     D:2: 860 daAuts
     D:1: 764 daAuts
     D:7: 208 daAuts
  Temple: 185 daAuts
